 Dungeon Crawl Stone Soup version 0.25.1-2-g60ff931df9 (webtiles) character file.

Game seed: 15861333019036188284

31 Doot the Charmwright (level 3, -4/27 HPs)
             Began as a Demonspawn Skald on Sept 9, 2020.
             Slain by an adder (5 damage)
             ... on level 1 of the Dungeon.
             The game lasted 00:01:54 (1072 turns).

Doot the Charmwright (Demonspawn Skald)             Turns: 1072, Time: 00:01:54

Health: -4/27      AC:  3    Str: 12    XL:     3   Next: 7%
Magic:  6/6        EV: 12    Int: 14    God:
Gold:   29         SH:  0    Dex: 12    Spells: 3/6 levels left

rFire    . . .     SeeInvis .   a - +0 mace
rCold    . . .     Gourm    .   (no shield)
rNeg     . . .     Faith    .   b - +0 leather armour
rPois    .         Spirit   .   (no helmet)
rElec    .         Reflect  .   (no cloak)
rCorr    .         Harm     .   (no gloves)
MR       .....                  (no boots)
Stlth    +.........             (no amulet)
HPRegen  0.09/turn              (no ring)
MPRegen  0.10/turn              (no ring)

@: singing (expiring)
A: powered by pain 1
a: no special abilities


You were on level 1 of the Dungeon.
You were not hungry.

You visited 1 branch of the dungeon, and saw 2 of its levels.

You collected 29 gold pieces.

Inventory:

Hand Weapons
 a - a +0 mace (weapon)
Armour
 b - a +0 leather armour (worn)
Jewellery
 f - an uncursed ring of ice
Scrolls
 e - a scroll of remove curse {unknown}
 g - a scroll of teleportation {unknown}
Comestibles
 c - 4 chunks of flesh
 d - 2 rations


   Skills:
 + Level 2.2 Fighting
 + Level 2.0 Maces & Flails
 + Level 1.0 Armour
 + Level 1.9 Dodging
 + Level 2.2 Spellcasting
 + Level 3.2 Charms


You had 3 spell levels left.
You knew the following spells:

 Your Spells              Type           Power        Failure   Level  Hunger
a - Infusion              Chrm           ##..         8%          1    #......
b - Song of Slaying       Chrm           ##......     12%         2    ###....

Your spell library contained the following spells:

 Spells                   Type           Power        Failure   Level  Hunger
 Shroud of Golubria       Chrm/Tloc      #.....       22%         2    ###....
 Ozocubu's Armour         Chrm/Ice       #.......     41%         3    ###....
 Spectral Weapon          Hex/Chrm       #.......     41%         3    ###....


Dungeon Overview and Level Annotations

Branches:
Dungeon (2/15)

Altars:


Innate Abilities, Weirdness & Mutations

You sometimes gain a little power by taking damage.


Message History

There is a stone staircase leading down here.
Unknown command.
Unknown command.
The kobold misses you. The kobold hits you.
* * * LOW HITPOINT WARNING * * *
The adder barely misses you.
Unknown command.
You closely miss the kobold. The kobold closely misses you.
The kobold hits you but does no damage.
Unknown command.
You hit the kobold.
You kill the kobold!
The adder barely misses you.
You aren't carrying any potions.
You barely miss the kobold.
Your song is almost over.
The kobold hits you.
* * * LOW HITPOINT WARNING * * *
The adder bites you.
You die...

########...###.........#
###...........##.........#
..#...........##.........#
..#.........>............#
..#..........K...........#
.P.)..........#..........#
P♣.P..........#g.........#
♣♣♣...........#S##.......#
.P♣............K@##.#.#..#
..P............###....#.##
.................###..#.#
###.##.######.####....#.#
#.##.## #....####...#
#.##..# ##.###...[.##
#.###.## #...###...# #.#
#..# ##.##....##
#.####.######..##...#


You could see an adder, a goblin and a kobold.

Vanquished Creatures
  2 dart slugs (D:1)
  A leopard gecko (D:1)
  6 giant cockroaches (D:1)
  5 goblins (D:1)
  2 hobgoblins (D:1)
  2 kobolds (D:1)
  A ball python (D:1)
  A bat (D:1)
  A frilled lizard (D:1)
  A rat (D:2)
22 creatures vanquished.

Notes
Turn   | Place    | Note
-------+----------+-------------------------------------------
     0 | D:1      | Doot the Demonspawn Skald began the quest for the Orb.
     0 | D:1      | Reached XP level 1. HP: 16/16 MP: 3/3
   339 | D:1      | Reached skill level 3 in Charms
   339 | D:1      | Gained mutation: You sometimes gain a little power by
                  | taking damage. [demonic ancestry]
   339 | D:1      | Reached XP level 2. HP: 19/22 MP: 1/5
   419 | D:1      | Learned a level 2 spell: Song of Slaying
   869 | D:1      | Reached skill level 1 in Armour
  1012 | D:1      | Reached XP level 3. HP: 27/27 MP: 2/6
  1064 | D:1      | HP: 1/27 [kobold (2)]
  1072 | D:1      | HP: 1/27 [kobold (1)]
  1072 | D:1      | Slain by an adder

Illustrated notes

Levels and vault maps discovered:
D:1:      dpeg_arrival_orchard, layout_basic, serial_forest,
          infiniplex_forest_clump_cross, infiniplex_forest_clump_small,
          infiniplex_forest_straight_3, infiniplex_forest_zigzag_1,
          infiniplex_forest_lined_corner, minmay_worlds_worst_comb
D:2:      layout_rooms, kennysheep_generic_room_2

Skill      XL: |  1  2 |
---------------+-------+-----
Charms         | 3 |  3.2
Armour         | 1 |  1.0
Maces & Flails | 2 |  2.0
Fighting       | |  2.2
Dodging        | |  1.9
Spellcasting   | |  2.2

Action                   || total
-------------------------++-------
Melee: Mace              ||    57
 Cast: Infusion          ||    12
       Song of Slaying   ||     1
 Stab: Sleeping          ||     1
  Eat: Chunk             ||     1
Armor: Leather armour    ||    24
Dodge: Dodged            ||    48
